 Dungeon Crawl Stone Soup version 0.28.0-53-g5a82cb258f (webtiles) character file.

Game seed: 10532793812965858849

579 MiltankisOP the Cudgeller (level 7, -6/74 HPs)
             Began as an Ogre Delver on July 12, 2022.
             Was an Initiate of Yredelemnul.
             Mangled by an orc warrior
             ... wielding a +0 mace
              (14 damage)
             ... on level 4 of the Dungeon.
             The game lasted 00:11:59 (4638 turns).

MiltankisOP the Cudgeller (Ogre Delver)             Turns: 4638, Time: 00:12:00

Health: -6/74      AC:  3    Str: 19    XL:     7   Next: 36%
Magic:  7/7        EV:  9    Int: 11    God:    Yredelemnul [......]
Gold:   137        SH:  0    Dex: 10    Spells: 6/6 levels left

rFire   . . .      SeeInvis .   f - +0 giant club
rCold   . . .      Faith    .   (shield currently unavailable)
rNeg    . . .      Spirit   .   b - +0 robe
rPois   .          Reflect  .   (helmet restricted)
rElec   .          Harm     .   (no cloak)
rCorr   +          Rampage  .   (gloves unavailable)
Will    +....                   (boots unavailable)
Stlth   ++........              (no amulet)
HPRegen 0.22/turn               k - ring of resist corrosion
MPRegen 0.10/turn               l - ring of willpower

@: no status effects
A: large, unfitting armour, tough skin 1
a: Renounce Religion, Recall Undead Harvest


You were on level 4 of the Dungeon.
You worshipped Yredelemnul.
Yredelemnul was noncommittal.
You visited 2 branches of the dungeon, and saw 6 of its levels.

You collected 137 gold pieces.

Inventory:

Hand Weapons
 a - a +0 mace
 f - a +0 giant club (weapon)
 i - a +0 morningstar
Armour
 b - a +0 robe (worn)
Jewellery
 k - a ring of resist corrosion (left hand)
 l - a ring of willpower (right hand)
Wands
 g - a wand of digging (3)
Scrolls
 c - a scroll of fog
 d - a scroll of magic mapping
 e - a scroll of vulnerability
 h - 4 scrolls of identify
 j - a scroll of teleportation {unknown}
Potions
 m - a potion of brilliance


   Skills:
 + Level 5.7 Fighting
 - Level 6.6 Maces & Flails
 - Level 1.7 Dodging
 - Level 3.7 Stealth


You had 6 spell levels left.
You didn't know any spells.
Your spell library contained the following spells:

 Spells                   Type           Power      Damage    Failure   Level
 Animate Skeleton         Necr           0%         N/A       34%         1
 Corpse Rot               Necr/Air       0%         N/A       47%         2
 Poisonous Vapours        Pois/Air       0%         N/A       47%         2
 Infestation              Necr           0%         N/A       100%        8


Dungeon Overview and Level Annotations

Branches:
Dungeon (5/15)             Temple (1/1) D:5

Altars:
Cheibriados
Dithmenos
Elyvilon
Fedhas
Gozag
Hepliaklqana
Kikubaaqudgha
Qazlal
Ru
Trog
Uskayaw
Vehumet
Wu Jian
Xom
Yredelemnul
Zin
The Shining One

Annotations:
D:4 Eustachio


Innate Abilities, Weirdness & Mutations

You are too large for most types of armour.
You have tough skin. (AC +1)


Message History

You hit the orc.
The orc is almost dead.
The orc closely misses you.
You completely miss the orc.
The orc is almost dead.
The orc hits you with a +0 club. The orc closely misses you.
You sock the orc!
You kill the orc!
A black mist starts to gather...
You closely miss the orc warrior.
The orc warrior hits you with a +0 mace.
You barely miss the orc warrior.
A hobgoblin comes into view.
The orc warrior closely misses you.
You barely miss the orc warrior. The orc warrior closely misses you.
Your orc zombie closely misses the orc warrior.
The orc warrior misses you.
You closely miss the orc warrior.
The orc warrior hits you with a +0 mace.
Your orc zombie barely misses the orc warrior.
You hit the orc warrior but do no damage.
The orc warrior hits you with a +0 mace!
Your orc zombie hits the orc warrior but does no damage.
You closely miss the orc warrior.
The orc warrior hits you with a +0 mace!
Your orc zombie barely misses the orc warrior.
You barely miss the orc warrior. The orc warrior closely misses you.
Your orc zombie hits the orc warrior but does no damage.
The orc warrior hits you with a +0 mace!!
* * * LOW HITPOINT WARNING * * *
You hit the orc warrior.
The orc warrior is lightly wounded.
The orc warrior hits you with a +0 mace!
* * * LOW HITPOINT WARNING * * *
Your orc zombie hits the orc warrior but does no damage.
You barely miss the orc warrior.
The orc warrior is lightly wounded.
The orc warrior hits you with a +0 mace!
You die...
Your body rises from the dead as a mindless zombie.

...#..# #......#.......#
.......####.###..#......##
..........#.###........##
..........##..>....##
.#.........#......#
#.........#......#
###....[.........###
#########..........#
#......go@............
#....).$#Z...#.##.#..#
##......).?#.........##
#....)..#.............
.....(......#######..<.#
#####.####..# ##.. ...
#..# #. .#. ...# # 8.
o...#


You could see an orc warrior (ally target), a hobgoblin and a friendly orc
zombie.

Vanquished Creatures
  Sigmund (D:2)
  An ogre (D:4)
  A jelly (D:4)
  A hound (D:4)
  Jessica (D:2)
  2 orc wizards (D:3)
  A hound skeleton (D:4)
  5 adders
  A gnoll (D:1)
  3 worms
  2 dart slugs (D:3)
  3 orcs
  7 ball pythons
  4 endoplasms
  2 giant cockroaches
  8 hobgoblins
  5 quokkas
  3 bats
  5 frilled lizards
  7 goblins
  4 kobolds
  2 rats (D:3)
69 creatures vanquished.

Vanquished Creatures (collateral kills)
  A water moccasin skeleton (D:4)
  An orc priest (D:4)
  An adder (D:4)
  An orc (D:4)
  A ball python (D:3)
  A bat (D:2)
  A goblin (D:1)
  A rat (D:1)
8 creatures vanquished.

Vanquished Creatures (others)
  An ogre zombie (D:4)
  A hound zombie (D:4)
  A worm zombie (D:4)
  An adder zombie (D:4)
  A bat zombie (D:3)
  A hobgoblin (D:4)
  A giant cockroach zombie (D:4)
  2 goblin zombies (D:4)
  An orc zombie (D:4)
  A spectral endoplasm (D:3)
11 creatures vanquished.

Grand Total: 88 creatures vanquished

Notes
Turn   | Place    | Note
-------+----------+-------------------------------------------
     0 | D:5      | MiltankisOP the Ogre Delver began the quest for the Orb.
     0 | D:5      | Reached XP level 1. HP: 24/24 MP: 1/1
    11 | Temple   | Entered the Ecumenical Temple
   136 | Temple   | Became a worshipper of Yredelemnul the Dark
   169 | D:5      | Noticed an iguana
   191 | D:5      | Noticed a centaur
   196 | D:4      | Noticed Eustachio
   196 | D:4      | Noticed a jelly
   196 | D:4      | Noticed a hound
   198 | D:4      | Noticed an orc wizard
   200 | D:4      | Noticed an orc wizard
   411 | D:3      | Reached skill level 2 in Maces & Flails
   432 | D:3      | Reached * piety under Yredelemnul
   435 | D:3      | Reached XP level 2. HP: 29/32 MP: 2/2
   888 | D:3      | Found an ancient bone altar of Kikubaaqudgha.
   888 | D:3      | Found a glowing silver altar of Zin.
   900 | D:3      | Reached skill level 3 in Maces & Flails
   900 | D:3      | Reached XP level 3. HP: 32/39 MP: 3/3
  1244 | D:2      | HP: 1/39 [kobold/+0 club (3)]
  1655 | D:1      | Got the Papyrus of Unholy Secrets
  1818 | D:1      | Reached XP level 4. HP: 48/48 MP: 4/4
  1921 | D:1      | Reached skill level 4 in Maces & Flails
  2042 | D:1      | Reached ** piety under Yredelemnul
  2075 | D:1      | Found a faded altar of an unknown god.
  2688 | D:2      | Noticed Sigmund
  2694 | D:2      | Killed Sigmund
  2695 | D:2      | Reached skill level 5 in Maces & Flails
  2695 | D:2      | Reached XP level 5. HP: 47/54 MP: 5/5
  2695 | D:2      | Reached XP level 6. HP: 54/62 MP: 6/6
  2804 | D:2      | Noticed Jessica
  2810 | D:2      | Killed Jessica
  2840 | D:2      | Found a snail-covered altar of Cheibriados.
  3623 | D:4      | Reached skill level 6 in Maces & Flails
  3985 | D:4      | Reached XP level 7. HP: 40/71 MP: 7/7
  4126 | D:4      | Reached skill level 5 in Fighting
  4638 | D:4      | Mangled by an orc warrior

Illustrated notes

Levels and vault maps discovered:
D:1:      nzn_arrival_settlement, layout_basic, ebering_ecumenical_altar_mist
D:2:      layout_loops_cross, basic_altar, uniq_sigmund, uniq_jessica
D:3:      layout_basic, amethyst_overflow_temple_binary
D:4:      layout_rooms, roderic_batcave, guppyfry_early_orc_mine,
          uniq_eustachio, uniq_ijyb, uniq_grinder
D:5:      layout_layer_cave, minmay_temple_entry_junction
Temple:   eino_temple_lava

Skill      XL: |  1  2  3  4  5  6  7 |
---------------+----------------------+-----
Maces & Flails | 2 3 5 6 |  6.6
Fighting       | 5 |  5.7
Dodging        | |  1.7
Stealth        | |  3.7

Action                   |  1- 3 |  4- 6 |  7- 9 || total
-------------------------+-------+-------+-------++-------
Melee: Mace              |    29 |       |       ||    29
       Morningstar       |    53 |   117 |       ||   170
       Punch             |     1 |     2 |       ||     3
       Giant club        |       |     2 |    29 ||    31
Invok: Recall Undead Har |     2 |     3 |       ||     5
       Dark Bargain      |       |     3 |       ||     3
       Stop Recall       |       |     1 |       ||     1
  Use: Scroll            |     1 |     2 |       ||     3
       Potion            |     2 |     2 |       ||     4
 Stab: Sleeping          |     9 |     6 |       ||    15
       Distracted        |     2 |       |       ||     2
Armor: Robe              |    29 |    26 |     3 ||    58
Dodge: Dodged            |    50 |    67 |    14 ||   131
